 Dungeon Crawl Stone Soup version 0.16.0-11-gd45b091 (webtiles) character file.

90527 RobertPalmer the Unseen (level 16, -1/108 HPs)
             Began as an Octopode Fighter on Mar 16, 2015.
             Was the Champion of Makhleb.
             Slain by a deep elf knight
             ... wielding a cursed -1 short sword
              (5 damage)
             ... on level 15 of the Dungeon on Mar 17, 2015.
             The game lasted 01:57:58 (29165 turns).

RobertPalmer the Unseen (Octopode Fighter)         Turns: 29165, Time: 01:57:59

Health: -1/108     AC:  1    Str: 19    XL:     16   Next: 0%
Magic:  44/44      EV: 32    Int: 16    God:    Makhleb [******]
Gold:   753        SH:  9    Dex: 26    Spells: 6 memorised, 4 levels left

rFire  . . .     SeeInvis .     a - +0 trident of the Slime-mold {venom, Int+4 Dex+9}
rCold  + . .     Clarity  .     p - +3 buckler
rNeg   . . .     SustAb   .     (helmet restricted)
rPois  .         Gourm    .     o - amulet "Tyebasm" {rCorr rC+ MR- MP+9 Str+2 Dex+2}
rElec  .         Spirit   .     F - +4 ring of evasion
rCorr  +         Warding  .     e - ring of protection from magic {MR+, !d}
rMut   .         Stasis   .     i - ring of protection from magic {MR+, !d}
MR     ++...                    Q - +6 ring of evasion
Stlth  +++++++++.               N - +3 ring of slaying
                                k - ring of teleport control {cTele, !d}
                                I - ring of wizardry {Wiz+, !d}
                                M - ring of magical power {MP+9}

@: studying Throwing, repel missiles, very resistant to hostile enchantments,
incredibly stealthy
A: almost no armour, amphibious, 8 rings, constrict 8, camouflage 1, gelatinous
body 1
a: Minor Destruction, Lesser Servant of Makhleb, Major Destruction, Greater
Servant of Makhleb, Renounce Religion, Evoke Teleport Control


You were on level 15 of the Dungeon.
You worshipped Makhleb.
Makhleb was exalted by your worship.
You were not hungry.

You visited 4 branches of the dungeon, and saw 28 of its levels.
You also visited: Labyrinth.

You collected 2873 gold pieces.
You spent 2120 gold pieces at shops.

Inventory:

Hand weapons
 a - the +0 trident of the Slime-mold (weapon) {venom, Int+4 Dex+9}
   (You bought it in a shop on level 4 of the Orcish Mines)

   It poisons the flesh of those it strikes.
   It affects your intelligence (+4).
   It affects your dexterity (+9).
 b - a +0 blowgun
   (You took it off a kobold on level 3 of the Dungeon)
Missiles
 h - 8 curare-tipped needles
 C - 3 poisoned needles
 P - a throwing net {=f, !d}
Armour
 p - a +3 buckler (worn)
   (You bought it in a shop on level 11 of the Dungeon)
Magical staves
 O - an uncursed staff of energy {+MP, hungerless spells, !d!a}
   (You found it on level 8 of the Dungeon)
Jewellery
 e - a ring of protection from magic (right tentacle) {MR+, !d}
   (You found it on level 10 of the Dungeon)
 i - a ring of protection from magic (on tentacle) {MR+, !d}
   (You bought it in a shop on level 4 of the Orcish Mines)
 k - a ring of teleport control (on tentacle) {cTele, !d}
   (You found it on level 10 of the Dungeon)
 n - an uncursed amulet of regeneration {+regen, !d}
   (You found it on level 1 of the Dungeon)
 o - the amulet "Tyebasm" (around mantle) {rCorr rC+ MR- MP+9 Str+2 Dex+2}
   (You found it on level 4 of the Orcish Mines)

   [amulet of resist corrosion]

   It protects you from acid and corrosion.
   It affects your strength (+2).
   It affects your dexterity (+2).
   It protects you from cold.
   It affects your resistance to hostile enchantments.
   It affects your magic capacity (+9).
 w - an uncursed ring of teleportation {+/*tele, !d}
   (You took it off a minotaur in a labyrinth)
 x - an uncursed amulet of resist corrosion {rCorr, !d}
   (You found it on level 3 of the Dungeon)
 F - a +4 ring of evasion (left tentacle)
   (You took it off an orc on level 6 of the Dungeon)
 I - a ring of wizardry (on tentacle) {Wiz+, !d}
   (You bought it in a shop on level 4 of the Orcish Mines)
 M - a ring of magical power (on tentacle) {MP+9}
   (You bought it in a shop on level 4 of the Orcish Mines)
 N - a +3 ring of slaying (on tentacle)
   (You bought it in a shop on level 4 of the Orcish Mines)
 Q - a +6 ring of evasion (on tentacle)
   (You found it in a labyrinth)
 S - an uncursed ring of positive energy {rN+}
   (You found it in a labyrinth)
Magical devices
 g - a wand of paralysis (2)
   (You found it on level 5 of the Lair of Beasts)
 j - a wand of paralysis (0)
   (You found it on level 13 of the Dungeon)
 m - a wand of digging (12)
   (You found it in a labyrinth)
Scrolls
 f - a scroll of immolation {!r}
 l - 3 scrolls of recharging
 s - a scroll of enchant armour
 y - 7 scrolls of amnesia
 L - 2 scrolls of identify
 W - 5 scrolls of remove curse
 X - 3 scrolls of enchant weapon
 Y - a scroll of magic mapping {!r}
Potions
 c - a potion of cure mutation {!q}
 u - 3 potions of restore abilities
 A - 3 potions of curing
 B - a potion of degeneration {unknown}
 D - 2 potions of flight
 K - a potion of mutation {!q}
 R - a potion of cancellation {unknown}
 Z - 4 potions of magic
Books
 z - a Necronomicon {highlevel, unknown}
   (You found it on level 5 of the Dungeon)
 E - a book of Death
   (You found it on level 12 of the Dungeon)
 G - a book of Dreams
   (You found it on level 7 of the Dungeon)
 H - a book of Necromancy
   (You found it on level 7 of the Dungeon)
 U - a manual of Throwing {!d}
   (You found it on level 14 of the Dungeon)
Miscellaneous
 t - a sack of spiders {used: 8}
   (You found it on level 4 of the Orcish Mines)
Comestibles
 d - 10 bread rations
 q - 14 fruits
 r - 4 chunks of flesh
 v - 14 meat rations


   Skills:
 - Level 9.2 Fighting
 - Level 14.4 Polearms
 - Level 9.1 Dodging
 - Level 18.6 Stealth
 - Level 3.0 Shields
 - Level 3.1 Spellcasting
 + Level 3.3 Conjurations
 - Level 5.1 Hexes
 - Level 8.2 Charms
 - Level 7.9 Necromancy
 - Level 5.1 Translocations
 - Level 6.5 Invocations


You had 4 spell levels left.
You knew the following spells:

 Your Spells              Type           Power        Failure   Level  Hunger
a - Bolt of Draining      Conj/Necr      ###.......   36%         5    ######.
b - Blink                 Tloc           N/A          1%          2    ##.....
d - Repel Missiles        Chrm/Air       ###...       3%          2    ##.....
s - Slow                  Hex            ###.....     1%          2    ##.....
A - Animate Skeleton      Necr           N/A          1%          1    None
S - Phase Shift           Tloc           ###.......   45%         5    ######.


Dungeon Overview and Level Annotations

Branches:
Dungeon (15/15)            Temple (0/1) D:7            Lair (8/8) D:8
  Swamp (1/5) Lair:6       Spider (0/5) Lair:5        Slime (0/6) Lair:6
    Orc (4/4) D:12            Elf (0/3) Orc:3        Vaults (0/5) D:14
 Depths (0/5) D:15

Altars:
Dithmenos
Makhleb
The Shining One
Beogh

Shops:
D:6 (   D:11 [   Orc:1 (   Orc:4 }(=*

Annotations:
D:7 exclusion: hog, wojtek's ghost, experienced KoAs
Lair:3 exclusion: hydra
Lair:4 exclusion: hydra
Lair:5 exclusion: hydra
Orc:2 Snorg


Innate Abilities, Weirdness & Mutations

You cannot wear most types of armour.
You are amphibious.
You can wear up to eight rings at the same time.
You can use your tentacles to constrict many enemies at once.
Your skin changes colour to match your surroundings (Stealth).
Your rubbery body absorbs attacks (AC +1).


Message History

Your hill giant skeleton hits the yaktaur captain!!
Read which item? (? for menu, Esc to quit)
As you read the scroll of fog, it crumbles to dust.
The scroll dissolves into smoke.
You hear some strange, mumbled words.
The shard of ice misses you.
The yaktaur captain hits your hill giant skeleton!!
Your hill giant skeleton completely misses the yaktaur captain.
Read which item? (? for menu, Esc to quit)
As you read the scroll of summoning, it crumbles to dust.
Wisps of shadow whirl around you... Something barely misses you.
Something hits you!!
* * * LOW HITPOINT WARNING * * *
The yaktaur captain hits your hill giant skeleton.
Your hill giant skeleton is destroyed!
You swap places.
Something closely misses your orc.
Things that are here:
a giant club; an enchanted long sword; a chain mail Something hits your orc!!
Your orc dies!
Your orc's corpse dissolves into shadows!
Your eye of draining gazes at something.
Your orc warrior barely misses something.
Your yaktaur misses something. Something misses your orc wizard.
Your orc warrior misses something.
Something hits your orc wizard!
Your yaktaur barely misses something.
Your orc wizard casts a spell.
Your orc wizard blinks!
You swap places.
The hill giant completely misses something.
Evoke which item? (* to show all) (? for menu, Esc to quit)
Okay, then.
Drink which item? (? for menu, Esc to quit)
You feel better. Something hits your orc wizard.
Something barely misses your orc wizard.
Drink which item? (? for menu, Esc to quit)
You feel better. Something hits your orc wizard!
Your orc wizard dies!
Your orc wizard's corpse dissolves into shadows!
The hill giant closely misses something.
Your yaktaur hits something. Something blocks your orc's attack.
You swap places.
Something barely misses your orc warrior.
You swap places.
Something closely misses your orc warrior.
Your unseen horror changes into a raven!
Something hits your orc.
Your orc dies!
Your orc's corpse dissolves into shadows!
The hill giant hits your raven with a giant spiked club!!
Your raven dies!
Your raven's corpse dissolves into shadows!
Something hits your orc warrior.
Attack whom?
Press: ? - help, Dir - move target cursor, f - hill giant
Aim: a hill giant, wielding a giant spiked club You reach to attack!
You hit the hill giant but do no damage.
The hill giant is poisoned.
Something hits your orc warrior.
You puncture the hill giant!!
The hill giant looks even sicker.
You squeeze the hill giant.
The hill giant is moderately wounded.
Your orc warrior hits the hill giant from afar with a glaive!!
Something hits your orc warrior!
You strike the helpless hill giant from a blind spot!
You puncture the hill giant!! You squeeze the hill giant.
You kill the hill giant!
Makhleb accepts your kill.
You feel a little better.
You have reached level 16!
Something hits your orc warrior!
Your orc warrior dies!
Your orc warrior's corpse dissolves into shadows!
Use which ability? (? or * to list)
Press: ? - help, Shift-Dir - straight line You feel somewhat more hungry.
You puncture something! Something hits you!
Use which ability? (? or * to list)
Press: ? - help, Shift-Dir - straight line You feel somewhat more hungry.
Something closely misses you.
Use which ability? (? or * to list)
Press: ? - help, Shift-Dir - straight line You hear a mighty clap of thunder!
You feel somewhat more hungry.
You hear a shout! x3
You hear a horrible gurgling sound!
Something completely misses you. Something hits you!
* * * LOW HITPOINT WARNING * * *
Use which ability? (? or * to list)
Press: ? - help, Shift-Dir - straight line You fail to use your ability.
You hear some strange, mumbled words.
The shard of ice misses you.
Use which ability? (? or * to list)
Press: ? - help, Shift-Dir - straight line The iron shot hits something.
You feel somewhat more hungry. Something hits you!
* * * LOW HITPOINT WARNING * * *
Something hits you.
You die...

........#...##).....#
.......#...##......#
......#...##......#
###..#...##......#
#..#...##......#
#..#...##......#
####c.#...........#
#...#{#...........###
#...#@######.........
#.oc#)....##......##. .
##.#.#.#.)##......# ...
#...#...#.##......#
#...###.#.)...##......#
#.......#ยง..#.........#
#..(....####(####.....#
#...........#..>#.....#
#.........#....c#.......


You could see a friendly yaktaur.

Vanquished Creatures
  An orc warlord (Orc:4)
  A minotaur (Lab)
  A hydra (Lair:7)
  A catoblepas (Lair:8)
  7 death yaks
  6 orc high priests (Orc:4)
  A spriggan (Swamp:1)
  A deep elf knight (D:15)
  A hell knight (D:15)
  5 hill giants
  A wizard (D:12)
  Erolcha (D:12)
  4 orc knights
  An ugly thing (D:12)
  2 necromancers (D:14)
  2 hornets (Swamp:1)
  2 cyclopes
  6 orc sorcerers
  2 centaur zombies
  17 elephants
  2 griffons
  Maurice (Orc:2)
  Joseph (Orc:3)
  2 torpor snails
  6 black mambas
  A smoke demon (Lair:8)
  A gargoyle (D:12)
  20 spiny frogs
  7 komodo dragons
  3 fire drakes
  3 two-headed ogres
  4 trolls
  A jumping spider (shapeshifter) (D:11)
  A jumping spider (Lair:5)
  Sonja (Orc:2)
  3 giant leeches (Lair:8)
  A polar bear (Lair:8)
  4 slime creatures
  16 blink frogs
  3 ravens (Swamp:1)
  3 bog bodies (Swamp:1)
  2 trapdoor spiders (Lab)
  5 basilisks
  A redback (Lair:5)
  2 deep elf magi
  A hill giant zombie (D:12)
  6 vampire mosquitoes (Lair:8)
  2 wyverns
  2 hungry ghosts
  54 yaks
  9 hippogriffs
  A human (D:7)
  15 wolves
  A mottled dragon (D:12)
  4 wargs
  6 swamp worms
  A soldier ant (D:11)
  7 porcupines
  An eye of draining (D:9)
  2 wasps
  21 water moccasins
  2 spiders (Lair:5)
  46 orc warriors
  A black bear (D:9)
  5 ice beasts
  2 necrophages
  3 phantoms
  An orc zombie (Orc:4)
  A sky beast (D:9)
  14 ogres
  14 crocodiles
  4 big kobolds
  20 centaurs
  A gnoll sergeant (Orc:4)
  31 giant frogs
  A wyvern skeleton (D:9)
  2 scorpions
  25 wights
  8 killer bees
  5 electric eels
  10 crimson imps
  40 orc priests
  8 hounds
  13 two-headed ogre zombies (D:12)
  A giant frog skeleton (D:8)
  Crazy Yiuf (D:3)
  3 jellies
  2 centaur skeletons
  30 orc wizards
  A quasit (D:10)
  11 iguanas
  11 worker ants
  8 sheep
  An ogre zombie (D:12)
  A mummy (D:10)
  A hound skeleton (D:9)
  A worker ant zombie (D:5)
  5 gnolls
  21 adders
  34 river rats
  3 shadow imps
  A giant mite (D:4)
  4 worms (D:2)
  2 adder skeletons
  3 giant geckos
  274 orcs
  4 giant cockroaches
  21 goblins
  21 hobgoblins
  6 jackals
  10 bats
  A giant gecko skeleton (D:4)
  4 giant newts
  29 kobolds
  18 quokkas
  12 rats
  A ballistomycete (D:11)
  A fungus (Lair:4)
1094 creatures vanquished.

Vanquished Creatures (collateral kills)
  2 hydras
  A catoblepas (Lair:7)
  3 death yaks
  Nergalle (Lair:1)
  A fire crab (Lair:5)
  A griffon (Lair:8)
  An ugly thing (D:14)
  2 elephants
  5 spiny frogs
  A fire drake (Lair:5)
  2 giant leeches
  6 yaks
  A vampire mosquito (Lair:8)
  A hippogriff (Lair:6)
  2 porcupines (Lair:7)
  6 wolves
  5 orc warriors
  3 swamp worms
  5 water moccasins
  A crocodile (Lair:8)
  5 giant frogs
  2 electric eels (Lair:8)
  3 hounds
  A killer bee (Lair:2)
  A jelly (Lair:6)
  An iguana (Lair:1)
  3 orc wizards
  5 sheep
  16 river rats
  3 adders
  An ufetubus (Orc:4)
  29 orcs
  2 goblins
  2 quokkas
  3 fungi
  3 plants
130 creatures vanquished.

Vanquished Creatures (others)
  3 death yak skeletons
  A raven (shapeshifter) (D:15)
  A griffon skeleton (Lair:8)
  3 black mamba skeletons
  A ynoxinul (Lair:8)
  A neqoxec (Lair:8)
  A hill giant skeleton (D:15)
  A human skeleton (D:14)
  11 spiders
  6 spiny frog skeletons
  An orc warrior (D:15)
  6 blink frog skeletons
  8 elephant skeletons
  A crocodile (Lair:4)
  2 fire drake skeletons
  2 komodo dragon skeletons
  6 water moccasin skeletons
  3 hippogriff skeletons
  24 yak skeletons
  A polar bear skeleton (Lair:8)
  2 troll skeletons
  9 wolf skeletons
  A bog body skeleton (Swamp:1)
  2 centaur skeletons (D:12)
  A two-headed ogre zombie (D:12)
  2 orc wizards
  11 giant frog skeletons
  A two-headed ogre skeleton (Orc:4)
  A basilisk skeleton (Lair:7)
  3 porcupine skeletons (Lair:7)
  3 crocodile skeletons
  A necrophage skeleton (D:8)
  4 ogre skeletons
  A hound skeleton (Lair:1)
  A giant mite (Orc:4)
  3 adder skeletons
  An electric eel skeleton (Lair:8)
  43 orc skeletons
  4 sheep skeletons (Lair:7)
  3 orcs
  10 river rat skeletons (Lair:7)
  A giant spore (D:11)
  A goblin skeleton (Orc:1)
  A hobgoblin skeleton (Orc:4)
  2 kobold skeletons (D:12)
  2 quokka skeletons
  10 fungi
  15 plants (Lair:8)
222 creatures vanquished.

Grand Total: 1446 creatures vanquished

Notes
Turn   | Place    | Note
--------------------------------------------------------------
     0 | D:1      | RobertPalmer, the Octopode Fighter, began the quest for the Orb.
     0 | D:1      | Reached XP level 1. HP: 16/16 MP: 1/1
   422 | D:1      | Reached XP level 2. HP: 21/21 MP: 2/2
   813 | D:2      | Reached skill level 3 in Polearms
  1052 | D:2      | Reached XP level 3. HP: 26/26 MP: 3/3
  1162 | D:2      | Reached skill level 4 in Polearms
  1179 | D:2      | Reached XP level 4. HP: 28/31 MP: 4/4
  1578 | D:2      | Found a glowing golden altar of the Shining One.
  1581 | D:2      | Found a burning altar of Makhleb.
  1586 | D:2      | Found a shadowy altar of Dithmenos.
  1599 | D:2      | Became a worshipper of Makhleb the Destroyer
  1944 | D:3      | Reached skill level 5 in Polearms
  1952 | D:3      | Reached XP level 5. HP: 31/36 MP: 5/5
  2658 | D:3      | Noticed Crazy Yiuf
  2666 | D:3      | Killed Crazy Yiuf
  3069 | D:4      | Reached skill level 6 in Polearms
  3069 | D:4      | Reached XP level 6. HP: 42/42 MP: 6/6
  3071 | D:4      | Acquired Makhleb's first power
  3312 | D:4      | Noticed a centaur
  3319 | D:4      | Killed a centaur
  3319 | D:4      | Reached skill level 7 in Polearms
  3533 | D:5      | Entered Level 5 of the Dungeon
  3928 | D:5      | Reached XP level 7. HP: 40/46 MP: 7/7
  4245 | D:5      | Reached skill level 8 in Polearms
  4315 | D:6      | Found Buwn's Weapon Shoppe.
  4317 | D:6      | Acquired Makhleb's second power
  4639 | D:6      | Reached skill level 2 in Stealth
  4639 | D:6      | Reached XP level 8. HP: 52/52 MP: 8/8
  4697 | D:6      | Reached skill level 3 in Stealth
  4859 | D:6      | Reached skill level 4 in Stealth
  4973 | D:6      | Reached skill level 5 in Stealth
  5049 | D:6      | Reached skill level 6 in Stealth
  5213 | D:6      | Acquired Makhleb's third power
  5230 | D:6      | Reached skill level 7 in Stealth
  5280 | D:6      | Reached skill level 8 in Stealth
  5381 | D:6      | Reached skill level 9 in Stealth
  5727 | D:7      | Reached skill level 10 in Stealth
  5727 | D:7      | Reached XP level 9. HP: 56/56 MP: 9/9
  5759 | D:7      | Reached skill level 9 in Polearms
  6229 | D:7      | Reached skill level 10 in Polearms
  6431 | D:7      | Noticed wojtek's ghost (experienced KoAs)
  6440 | D:7      | Found a staircase to the Ecumenical Temple.
  6450 | D:7      | Acquired Makhleb's fourth power
  6653 | D:7      | Reached skill level 11 in Polearms
  6900 | D:7      | Learned a level 1 spell: Animate Skeleton
  7228 | D:8      | Reached XP level 10. HP: 51/63 MP: 10/10
  7488 | D:8      | Reached skill level 12 in Polearms
  7829 | D:8      | Noticed Blork the orc
  7833 | D:8      | Noticed Blork
  7833 | D:8      | Blork the orc changed into Blork the wolf
  7838 | D:8      | Killed Blork the wolf
  8029 | D:8      | Found a staircase to the Lair.
  8925 | D:9      | Acquired Makhleb's fifth power
  9030 | D:9      | Reached skill level 11 in Stealth
  9522 | D:9      | Reached skill level 4 in Dodging
  9597 | D:10     | Entered Level 10 of the Dungeon
  9620 | D:10     | Noticed a hill giant
  9628 | D:10     | Killed a hill giant
  9628 | D:10     | Reached skill level 5 in Dodging
  9639 | D:10     | Reached skill level 6 in Dodging
  9966 | D:11     | Reached skill level 7 in Dodging
  9966 | D:11     | Reached XP level 11. HP: 67/67 MP: 11/11
 10052 | D:11     | Found a labyrinth entrance.
 10063 | Lab      | Entered a labyrinth
 10461 | Lab      | Reached skill level 8 in Dodging
 10936 | Lab      | Noticed a minotaur
 10959 | Lab      | Killed a minotaur
 11263 | Lair:1   | Entered Level 1 of the Lair of Beasts
 11294 | Lair:1   | Noticed Nergalle
 11324 | Lair:1   | Reached skill level 12 in Stealth
 11543 | Lair:1   | Reached skill level 13 in Stealth
 11622 | Lair:1   | Killed Nergalle
 11676 | Lair:1   | Reached skill level 14 in Stealth
 11764 | Lair:1   | Reached skill level 15 in Stealth
 11964 | Lair:1   | Reached XP level 12. HP: 72/72 MP: 12/12
 12064 | Lair:2   | Reached skill level 16 in Stealth
 12465 | Lair:2   | Got a warped hand axe
 12575 | Lair:3   | Noticed a four-headed hydra
 12997 | Lair:4   | Reached skill level 13 in Polearms
 13382 | Lair:4   | Noticed a seven-headed hydra
 13595 | Lair:5   | Reached skill level 14 in Polearms
 13896 | Lair:5   | Noticed an eight-headed hydra
 14558 | Lair:4   | Noticed a six-headed hydra
 14708 | Lair:6   | Reached skill level 1 in Necromancy
 14764 | Lair:6   | Reached skill level 2 in Necromancy
 14801 | Lair:6   | Reached skill level 1 in Invocations
 14819 | Lair:6   | Reached skill level 2 in Invocations
 14875 | Lair:6   | Reached skill level 3 in Invocations
 14875 | Lair:6   | Reached XP level 13. HP: 77/77 MP: 16/19
 14886 | Lair:6   | Reached skill level 4 in Invocations
 15036 | Lair:6   | Reached skill level 5 in Invocations
 15056 | Lair:6   | Found a staircase to the Slime Pits.
 15275 | Lair:6   | Found a staircase to the Swamp.
 15284 | Lair:6   | Reached skill level 6 in Invocations
 15471 | Lair:6   | Learned a level 2 spell: Repel Missiles
 15474 | Lair:6   | Learned a level 2 spell: Slow
 15477 | Lair:6   | Learned a level 2 spell: Blink
 15547 | Lair:7   | Reached skill level 1 in Charms
 15587 | Lair:6   | Reached skill level 2 in Charms
 15758 | Lair:7   | Reached skill level 3 in Charms
 15910 | Lair:7   | Reached skill level 4 in Charms
 15973 | Lair:7   | Reached skill level 5 in Charms
 16060 | Lair:7   | Reached skill level 6 in Charms
 16218 | Lair:7   | Reached skill level 7 in Charms
 16450 | Lair:7   | Reached skill level 8 in Charms
 16697 | Lair:8   | Entered Level 8 of the Lair of Beasts
 16699 | Lair:8   | Reached skill level 1 in Translocations
 16784 | Lair:8   | Reached skill level 2 in Translocations
 16803 | Lair:8   | Reached skill level 3 in Translocations
 16818 | Lair:8   | Reached skill level 4 in Translocations
 16902 | Lair:8   | Reached XP level 14. HP: 83/83 MP: 24/24
 17049 | Lair:7   | Reached skill level 5 in Translocations
 17119 | Lair:7   | Reached skill level 1 in Spellcasting
 17256 | Lair:7   | Reached skill level 2 in Spellcasting
 17600 | Lair:7   | Reached skill level 3 in Spellcasting
 17773 | Lair:7   | Reached skill level 4 in Fighting
 18174 | Lair:8   | Reached skill level 5 in Fighting
 18333 | Lair:8   | HP: 20/88 [vampire mosquito (13)]
 18342 | Lair:8   | HP: 20/88 [spiny frog (22)]
 18371 | Lair:8   | HP: 20/88 [poisoned by an orange demon]
 18377 | Lair:8   | HP: 13/88 [poisoned by an orange demon]
 18940 | D:11     | Found Prillu Mucess' Antique Armour Emporium.
 18954 | D:11     | Bought a glowing buckler for 99 gold pieces
 18991 | D:11     | Noticed a griffon
 19004 | D:11     | Killed a griffon
 19345 | D:11     | Reached skill level 6 in Fighting
 19631 | D:12     | Got a bound copper ring
 19806 | D:12     | Found a staircase to the Orcish Mines.
 20047 | D:12     | Reached skill level 7 in Fighting
 20058 | D:12     | Noticed Erolcha
 20104 | D:12     | Killed Erolcha
 20121 | D:12     | Identified the ring "Woawk" {+Inv Stlth-} (You found it on level 12 of the Dungeon)
 20636 | D:12     | Reached skill level 8 in Fighting
 21606 | D:14     | Found a gate to the Vaults.
 21692 | D:14     | Reached skill level 9 in Fighting
 22259 | D:13     | Upgraded the game from 0.16.0-8-gd9ae3a8 to 0.16.0-11-gd45b091
 22404 | Orc:1    | Entered Level 1 of the Orcish Mines
 22882 | Orc:1    | Found Klezopta's Antique Weapon Emporium.
 22902 | Orc:2    | Noticed Maurice
 23039 | Orc:2    | Noticed Sonja
 23045 | Orc:2    | Killed Sonja
 23179 | Orc:2    | Noticed Snorg
 23464 | Orc:2    | Reached skill level 17 in Stealth
 23483 | Orc:2    | Killed Maurice
 23634 | Orc:3    | Found a staircase to the Elven Halls.
 24133 | Orc:3    | Noticed Joseph
 24145 | Orc:3    | Killed Joseph
 24277 | Orc:3    | Reached XP level 15. HP: 80/101 MP: 25/25
 24347 | Orc:4    | Entered Level 4 of the Orcish Mines
 24586 | Orc:4    | Reached skill level 18 in Stealth
 24988 | Orc:4    | Found Solulej's Assorted Antiques.
 25006 | Orc:4    | Bought a pitted trident for 221 gold pieces
 25006 | Orc:4    | Identified the +0 trident of the Slime-mold {venom, Int+4 Dex+9} (You bought it in a shop on level 4 of the Orcish Mines)
 25014 | Orc:4    | Found Xaent's Jewellery Boutique.
 25051 | Orc:4    | Bought an uncursed ring of wizardry for 450 gold pieces
 25051 | Orc:4    | Bought a +3 ring of slaying for 675 gold pieces
 25051 | Orc:4    | Bought an uncursed ring of magical power for 300 gold pieces
 25051 | Orc:4    | Bought an uncursed ring of protection from magic for 375 gold pieces
 25070 | Orc:4    | Found a roughly hewn altar of Beogh.
 25532 | Orc:4    | Reached skill level 1 in Hexes
 25613 | Orc:4    | Reached skill level 2 in Hexes
 25722 | Orc:4    | Reached skill level 3 in Hexes
 25785 | Orc:4    | Reached skill level 4 in Hexes
 25845 | Orc:4    | Found Vyelon's Gadget Shop.
 25879 | Orc:4    | Found Onulun's Antique Weapon Boutique.
 25889 | Orc:4    | Reached skill level 5 in Hexes
 25946 | Orc:4    | Found a roughly hewn altar of Beogh.
 26254 | Orc:4    | Reached skill level 9 in Dodging
 26271 | Orc:4    | Got a twitching golden amulet
 26272 | Orc:4    | Identified the amulet "Tyebasm" {rCorr rC+ MR- MP+9 Str+2 Dex+2} (You found it on level 4 of the Orcish Mines)
 26849 | Swamp:1  | Entered Level 1 of the Swamp
 26922 | Swamp:1  | Reached skill level 3 in Necromancy
 26942 | Swamp:1  | Paralysed by a hornet for 3 turns
 26944 | Swamp:1  | HP: 20/101 [hornet (7)]
 26944 | Swamp:1  | HP: 1/101 [spiny frog (19)]
 27023 | Swamp:1  | Reached skill level 4 in Necromancy
 27072 | Swamp:1  | Learned a level 5 spell: Bolt of Draining
 27078 | Swamp:1  | Learned a level 5 spell: Phase Shift
 27660 | Lair:5   | Killed an eight-headed hydra
 27660 | Lair:5   | Reached skill level 5 in Necromancy
 27764 | Lair:5   | Found a hole to the Spider Nest.
 28129 | Lair:8   | Reached skill level 6 in Necromancy
 28311 | Lair:8   | Reached skill level 7 in Necromancy
 28610 | Lair:8   | Reached skill level 1 in Conjurations
 29067 | D:15     | Entered Level 15 of the Dungeon
 29098 | D:15     | Reached skill level 2 in Conjurations
 29109 | D:15     | Reached skill level 3 in Conjurations
 29129 | D:15     | Found a staircase to the Depths.
 29143 | D:15     | HP: 22/101 [something (19)]
 29159 | D:15     | Reached XP level 16. HP: 58/108 MP: 26/26
 29163 | D:15     | HP: 22/108 [something (12)]
 29165 | D:15     | HP: 4/108 [something (12)]
 29165 | D:15     | Slain by a deep elf knight

Action                   |  1- 3 |  4- 6 |  7- 9 | 10-12 | 13-15 | 16-18 || total
-------------------------+-------+-------+-------+-------+-------+-------++-------
Melee: Trident           |    44 |   117 |   250 |   623 |  1940 |     1 ||  2975
 Fire: Blowgun           |       |       |    16 |    16 |    11 |       ||    43
Throw: Throwing net      |       |       |       |       |     2 |       ||     2
 Cast: Animate Skeleton  |       |       |     2 |    41 |   185 |       ||   228
       Repel Missiles    |       |       |       |       |     3 |       ||     3
       Slow              |       |       |       |       |     5 |       ||     5
Invok: Minor Destruction |       |       |       |     2 |       |       ||     2
       Lesser Servant of |       |       |       |       |     6 |       ||     6
       Major Destruction |       |       |       |       |     1 |     4 ||     5
Evoke: Wand              |       |       |     7 |     5 |    20 |       ||    32
       Sack of spiders   |       |       |       |       |     9 |       ||     9
  Use: Scroll            |       |    10 |     6 |    21 |    20 |       ||    57
       Potion            |       |     1 |     1 |     5 |    21 |       ||    28
 Stab: Sleeping          |     4 |    11 |    21 |    71 |    75 |       ||   182
       Distracted        |       |     2 |     4 |     6 |    36 |       ||    48
       Invisible         |       |       |       |       |     6 |       ||     6
  Eat: Chunk             |     1 |     9 |    12 |    20 |    55 |       ||    97
       Pizza             |       |       |       |     4 |     1 |       ||     5
       Beef jerky        |       |       |       |     2 |     2 |       ||     4
       Fruit             |       |       |       |     1 |       |       ||     1

Vault maps used:
D:1:      dpeg_arrival_radiant, serial_aquarium, aquarium_bridge_long_separate,
          aquarium_window_1, aquarium_window_corridor_3, aquarium_window_1,
          aquarium_window_corner, aquarium_view_2e, aquarium_view_2f,
          aquarium_balcony_3b, aquarium_pool_2, bh_walls_and_bars
D:2:      grunt_temple_overflow_diamond, serial_forest,
          infiniplex_forest_straight_2, infiniplex_forest_lined_corner,
          infiniplex_forest_corner_1, infiniplex_forest_lined_room_3,
          infiniplex_forest_end_1, infiniplex_forest_clump_medium
D:3:      uniq_crazy_yiuf_cottage
D:4:      first_bread
D:6:      serial_shops, shop, kennysheep_generic_room_2
D:7:      minmay_temple_entry_enclosed_plants, grunt_livestock,
          mumra_transporter_accident, minmay_tree_intersection, minivault_14
D:8:      lair_0_dummy, uniq_blork_the_orc
D:9:      spider_trap, minmay_strange_pillars
D:11:     lab_entry_generic, serial_shops, nicolae_shop_overgrown_old_shop,
          hangedman_glass_teeth
D:12:     lemuel_ogre_cave, hiddenorc2_lemuel
D:14:     david_vaults_1, minmay_holes
D:15:     hangedman_depths_entry_civil_slaughter
Lair:1:   grunt_megastairs_4, infiniplex_staircase_pool, uniq_nergalle
Lair:2:   infiniplex_staircase_pool_2
Lair:3:   nicolae_quartered_pool_little
Lair:4:   boulder_quad_collide, grunt_megastairs_2
Lair:5:   spider_nest_entry_funnel_web, minivault_24
Lair:6:   nicolae_swamp_entry_splash_gauntlet, minmay_slime_entry_pillars,
          minivault_25, grunt_megastairs_3
Lair:8:   minmay_lair_end_frog_pond, st_stairs_11
Swamp:1:  cheibrodos_swamp_heart_of_darkness, evilmike_swamp_ruin_house_3,
          swamp_pool5
Orc:1:    serial_shops, shop, uniq_erolcha
Orc:2:    minmay_goldmine, uniq_snorg, uniq_sonja, uniq_maurice, uniq_grum
Orc:3:    nicolae_orc_accident_3, nicolae_orc_pool_cavern, uniq_joseph
Orc:4:    pubby_orc_utopia, serial_shops
Lab:      nicolae_lab_dead_adventurers, lab_statue

Table legend:
 A = Turns spent in this place as a percentage of turns spent in the entire game.
 B = Non-inter-level travel turns spent in this place as a percentage of non-inter-level travel turns spent in the entire game.
 C = Inter-level travel turns spent in this place as a percentage of turns spent in this place.
 D = Turns resting spent in this place as a percentage of non-inter-level travel turns spent in this place.
 E = Turns spent auto-exploring this place as a percentage of non-inter-level travel turns spent in this place.
 F = Non-inter-level travel turns spent in this place divided by the number of levels of this place that you've seen.
                   A       B       C       D       E      F
               +-------+-------+-------+-------+-------+----------------------
         Total | 100.0 | 100.0 |   0.4 |   0.6 |   2.8 | 595.8
       Dungeon |  37.0 |  36.9 |   0.6 |   0.9 |   4.9 | 425.1
          Lair |  40.2 |  40.3 |   0.3 |   0.5 |   0.6 | 869.4
         Swamp |   1.3 |   1.3 |   0.0 |   0.9 |   0.9 | 218.0
  Orcish Mines |  15.9 |  16.0 |   0.3 |   0.2 |   4.9 | 689.5
     Labyrinth |   5.6 |   5.6 |   0.0 |   0.8 |   0.0 | 969.0
               +-------+-------+-------+-------+-------+----------------------

Table legend:
 A = Kills in this place as a percentage of kills in entire the game.
 B = Kills by you in this place as a percentage of kills by you in the entire game.
 C = Kills by friends in this place as a percentage of kills by friends in the entire game.
 D = Other kills in this place as a percentage of other kills in the entire game.
 E = Experience gained in this place as a percentage of experience gained in the entire game.
 F = Experience gained in this place divided by the number of levels of this place that you have seen.
                   A       B       C       D       E      F
               +-------+-------+-------+-------+-------+----------------------
         Total | 100.0 | 100.0 | 100.0 | 100.0 | 100.0 | 4459.5
       Dungeon |  34.1 |  36.9 |   8.3 | 100.0 |  22.4 | 1933.7
          Lair |  31.7 |  28.0 |  65.0 |   0.0 |  53.5 | 8647.0
         Swamp |   1.5 |   1.6 |   0.8 |   0.0 |   3.5 | 4567.0
  Orcish Mines |  32.5 |  33.2 |  25.8 |   0.0 |  19.3 | 6240.5
     Labyrinth |   0.3 |   0.3 |   0.0 |   0.0 |   1.2 | 1614.0
               +-------+-------+-------+-------+-------+----------------------
